 Dungeon Crawl Stone Soup version 0.28.0-62-gf88900778d (webtiles) character file.

Game seed: 4581677550383280878

6922 Nonny the Fighter (level 11, -2/69 HPs)
             Began as a Tengu Air Elementalist on Apr 15, 2023.
             Was a Priest of Dithmenos.
             Killed from afar by Maurice (41 damage)
             ... with a bolt of acid
             ... on level 9 of the Dungeon.
             The game lasted 01:04:02 (9654 turns).

Nonny the Fighter (Tengu Air Elementalist)          Turns: 9654, Time: 01:04:02

Health: -2/69      AC:  9    Str:  8    XL:     11   Next: 7%
Magic:  13/24      EV: 19    Int: 21    God:    Dithmenos [***...]
Gold:   237        SH:  0    Dex: 14    Spells: 13/26 levels left

rFire   . . .      SeeInvis .   p - +1 long sword (elec)
rCold   . . .      Faith    .   (no shield)
rNeg    . . .      Spirit   .   a - +0 robe
rPois   +          Reflect  .   (helmet restricted)
rElec   .          Harm     .   (no cloak)
rCorr   .          Rampage  .   w - +2 pair of gloves
Will    .....                   (boots unavailable)
Stlth   ++++......              (no amulet)
HPRegen 0.21/turn               c - ring of poison resistance
MPRegen 0.19/turn               i - +4 ring of protection

@: on blink cooldown, flying quickly and evasively, wreathed by umbra, quick
A: beak, talons 3, nimble flight
a: Renounce Religion, Shadow Step


You were on level 9 of the Dungeon.
You worshipped Dithmenos.
Dithmenos was most pleased with you.
You visited 2 branches of the dungeon, and saw 10 of its levels.
You also visited: Bailey.

You collected 369 gold pieces.
You spent 132 gold pieces at shops.

Inventory:

Hand Weapons
 d - a +2 dagger of electrocution
 g - a +1 whip of electrocution
 p - a +1 long sword of electrocution (weapon)
 D - the +9 shortbow of the Spider Nest {vorpal, rPois Int+3}
   (You took it off a kobold in a bailey)

   Any ammunition fired from it inflicts extra damage upon your enemies.
   Int:       It affects your intelligence (+3).
   rPois:     It protects you from poison.
Missiles
 k - 6 atropa-tipped darts
 o - 3 javelins
 r - 17 poisoned darts
 v - a throwing net
Armour
 a - a +0 robe (worn)
 w - a +2 pair of gloves (worn)
Magical Staves
 G - a staff of fire
Jewellery
 c - a ring of poison resistance (left hand)
 i - a +4 ring of protection (right hand)
Wands
 j - a wand of acid (3)
 l - a wand of charming (14)
 B - a wand of flame (20)
Scrolls
 b - 8 scrolls of teleportation
 e - 3 scrolls of amnesia
 s - a scroll of holy word {unknown}
 t - a scroll of magic mapping {unknown}
 u - 4 scrolls of enchant armour
 y - a scroll of brand weapon {unknown}
 A - a scroll of blinking {unknown}
 E - a scroll of vulnerability {unknown}
Potions
 f - 2 potions of mutation
 h - 4 potions of curing
 m - a potion of resistance
 n - 2 potions of brilliance {unknown}
 q - a potion of haste {unknown}
 x - 3 potions of heal wounds
 z - 3 potions of lignification
 C - a potion of might
 F - a potion of invisibility {unknown}


   Skills:
 + Level 8.8 Fighting
 + Level 2.4 Armour
 + Level 8.8 Dodging
 - Level 6.0 Stealth
 - Level 8.1 Spellcasting
 + Level 3.5 Conjurations
 - Level 2.0 Translocations
 - Level 7.0 Air Magic


You had 13 spell levels left.
You knew the following spells:

 Your Spells              Type           Power      Damage    Failure   Level
a - Shock                 Conj/Air       100%       1d9       1%          1
b - Static Discharge      Conj/Air       30%        N/A       1%          2
c - Swiftness             Air            37%        N/A       1%          3
d - Airstrike             Air            18%        N/A       4%          4
e - Apportation           Tloc           32%        N/A       3%          1
f - Blink                 Tloc           32%        N/A       5%          2

Your spell library contained the following spells:

 Spells                   Type           Power      Damage    Failure   Level
 Animate Skeleton         Necr           16%        N/A       8%          1
 Summon Small Mammal      Summ           32%        N/A       8%          1
 Manifold Assault         Tloc           16%        N/A       67%         5
 Storm Form               Tmut/Air       11%        N/A       100%        7


Dungeon Overview and Level Annotations

Branches:
Dungeon (9/15)             Temple (1/1) D:5            Lair (0/6) D:9
 Bailey (visited)
    Orc: D:9-12

Altars:
Ashenzari
Cheibriados
Dithmenos
Elyvilon
Fedhas
Gozag
Hepliaklqana
Kikubaaqudgha
Makhleb
Nemelex Xobeh
Okawaru
Qazlal
Ru
Sif Muna
Trog
Uskayaw
Vehumet
Wu Jian
Xom
Yredelemnul
Zin
The Shining One

Shops:
D:3 [   D:5 !   D:8 (

Annotations:
D:9 Maurice


Innate Abilities, Weirdness & Mutations

You have a beak for a mouth.
You have claws for feet.
Your magical nature lets you fly swiftly and evasively.


Message History

Press: ? - help, Shift-Dir - straight line, f/p - Maurice
Aim: Maurice, wielding a +0 short sword, wearing a +1 cloak of poison resistance and carrying a wand of acid (5) (moderately wounded, umbra, 64% to hit)
The zap hits Maurice.
Maurice is moderately wounded.
Casting: Shock (safe; 1% risk of failure)
Confirm with . or Enter, or press ? or * to list all spells.
Aiming: Shock (safe; 1% risk of failure)
Press: ? - help, Shift-Dir - straight line, f/p - Maurice
Aim: Maurice, wielding a +0 short sword, wearing a +1 cloak of poison resistance and carrying a wand of acid (5) (moderately wounded, umbra, 64% to hit)
The zap hits Maurice.
Maurice is heavily wounded.
Maurice mumbles some strange words.
Maurice flickers and vanishes!
Deactivating autopickup; reactivate with Ctrl-A.
Casting: Shock (safe; 1% risk of failure)
Confirm with . or Enter, or press ? or * to list all spells.
Okay, then.
Casting: Shock (safe; 1% risk of failure)
Confirm with . or Enter, or press ? or * to list all spells.
The air crackles with electrical energy.
Something closely misses you.
Casting: Static Discharge (safe; 1% risk of failure)
Confirm with . or Enter, or press ? or * to list all spells.
Something is struck by an arc of lightning.
The lightning grounds out.
Something closely misses you.
Unknown command.
Casting: Static Discharge (safe; 1% risk of failure)
Confirm with . or Enter, or press ? or * to list all spells.
Okay, then.
Casting: Static Discharge (safe; 1% risk of failure)
Confirm with . or Enter, or press ? or * to list all spells.
You blink.
You hear a zap.
A bolt of acid appears from out of thin air!
The bolt of acid hits you!!
You hear a zap.
A bolt of acid appears from out of thin air!
The bolt of acid hits you!!!
Ouch! That really hurt!
You die...

#.###.# #.#...#
#.#.#.# #.#.#.#
##.#.#.#
...#.#.#############
####.#.............#
.............§{..#.#
#....###########@#.#
#.########## #.#{#
#.#........# #.#.#
..#.######.# #.#.#
..#.# #.# #.#..
#.#.######.#####.#..
.................+..
#.#.####.#.##....#
#.#.##...#.# ...# .


There were no monsters in sight!

Vanquished Creatures
  A two-headed ogre (D:8)
  2 orc knights (Bailey)
  Grinder (D:3)
  Sigmund (D:6)
  A wyvern (D:9)
  3 wargs (D:9)
  A steam dragon (D:7)
  A water moccasin (D:6)
  3 ice beasts
  9 orc warriors
  A sky beast (D:8)
  A black bear (D:7)
  2 necrophages
  2 centaurs (D:7)
  2 phantoms
  A bullfrog (D:7)
  3 scorpions (D:5)
  A wyvern zombie (D:9)
  2 water moccasin skeletons
  15 killer bees
  3 wights (D:6)
  2 bullfrog zombies
  3 centaur zombies (D:9)
  9 orc priests
  A gnoll shaman (D:6)
  4 jellies
  3 hounds
  Jessica (D:3)
  3 iguanas
  8 orc wizards
  2 hound skeletons (D:4)
  Robin (D:3)
  14 gnolls
  3 howler monkey zombies
  7 adders
  A white imp (D:5)
  3 ufetubi
  2 worms (D:2)
  2 dart slugs (D:1)
  30 orcs
  3 bats
  10 endoplasms
  A giant cockroach (D:2)
  18 goblins
  14 hobgoblins
  12 jackals
  A quokka (D:1)
  10 ball pythons
  5 frilled lizards
  26 kobolds
  4 rats
259 creatures vanquished.

Vanquished Creatures (others)
  11 plants
11 creatures vanquished.

Grand Total: 270 creatures vanquished

Notes
Turn   | Place    | Note
-------+----------+-------------------------------------------
     0 | D:1      | Nonny the Tengu Air Elementalist began the quest for the
                  | Orb.
     0 | D:1      | Reached XP level 1. HP: 10/10 MP: 4/4
    60 | D:1      | rPois ring to the left of start
    60 | D:1      | Starting vault: LAYERS, like that of an onion.
   110 | D:1      | +2 elec dagger southwest of start
   151 | D:1      | Reached XP level 2. HP: 15/15 MP: 6/6
   242 | D:1      | Found a faded altar of an unknown god.
   267 | D:1      | Reached skill level 5 in Air Magic
   278 | D:1      | Learned a level 2 spell: Static Discharge
   395 | D:1      | Reached XP level 3. HP: 13/19 MP: 4/7
   495 | D:1      | Learned a level 3 spell: Swiftness
   583 | D:1      | Kobold had a +1 whip of electrocution in northeast
   963 | D:2      | +4 AC ring
  1041 | D:2      | Reached XP level 4. HP: 13/24 MP: 2/8
  1239 | D:2      | Noticed a phantom
  1807 | D:3      | Noticed Robin
  1863 | D:3      | Found a stormy altar of Qazlal.
  1863 | D:3      | Found a bloodstained altar of Trog.
  1895 | D:3      | Killed Robin
  1896 | D:3      | Reached skill level 1 in Fighting
  1896 | D:3      | Gained mutation: Your magical nature lets you fly swiftly
                  | and evasively. [Tengu growth]
  1896 | D:3      | Reached XP level 5. HP: 28/29 MP: 1/9
  1919 | D:3      | Noticed Jessica
  1925 | D:3      | Killed Jessica
  1926 | D:3      | Found an ancient bone altar of Kikubaaqudgha.
  1996 | D:3      | +1 long sword of electrocution
  2024 | D:3      | Book of Cantrips
  2075 | D:3      | Found a radiant altar of Vehumet.
  2077 | D:3      | Found Motios's Armour Shop.
  2088 | D:3      | pretty decent helmet for 352 gold here
  2192 | D:3      | Noticed Grinder
  2249 | D:3      | Paralysed by Grinder for 2 turns
  2380 | D:3      | Reached XP level 6. HP: 36/36 MP: 1/11
  2445 | D:1      | Learned a level 4 spell: Airstrike
  2738 | D:3      | +1 pair of gloves in northwest
  2868 | D:3      | Killed Grinder
  2869 | D:3      | Reached XP level 7. HP: 41/42 MP: 8/14
  2879 | D:3      | Learned a level 1 spell: Apportation
  2895 | D:3      | Found a shadowy altar of Dithmenos.
  2898 | D:3      | Became a worshipper of Dithmenos the Shadowed
  2941 | D:5      | Entered Level 5 of the Dungeon
  2941 | D:5      | Found Liaten's Distillery.
  2953 | D:5      | Bought a potion of heal wounds for 55 gold pieces
  2953 | D:5      | Bought a potion of degeneration for 11 gold pieces
  3096 | D:5      | YMAOTU YNLY - teleportation
  3098 | D:5      | Found a glowing silver altar of Zin.
  3167 | D:5      | QOVUNT VUXYOX - amnesia
  3169 | D:5      | Found a staircase to the Ecumenical Temple.
  3184 | Temple   | Entered the Ecumenical Temple
  3346 | Temple   | Temple: Inclined layers; deeper water taking up northern
                  | and southern corners
  3367 | D:5      | Temple entrance: 4 fountains
  3508 | D:5      | Inescapable Atlas: Blink, Manifold Assault, and Storm Form
  3601 | D:5      | Reached skill level 5 in Spellcasting
  3604 | D:5      | Learned a level 2 spell: Blink
  3606 | D:5      | Reached XP level 8. HP: 48/48 MP: 7/16
  3817 | D:5      | Bought 2 potions of curing for 66 gold pieces
  3916 | D:4      | Reached skill level 5 in Fighting
  4025 | D:4      | Necrophage spawns on this floor.
  4465 | D:4      | Reached * piety under Dithmenos
  4691 | D:6      | fuming black potion - mutation
  4691 | D:6      | FAEWUIFYFF - identify
  4692 | D:6      | orange potion - resistance
  4693 | D:6      | sapphire potion - attraction
  4745 | D:6      | 4x4 translucent rock wall grid vault
  4768 | D:6      | Reached skill level 1 in Translocations
  4951 | D:6      | Reached XP level 9. HP: 42/55 MP: 1/18
  5005 | D:6      | Reached ** piety under Dithmenos
  5161 | D:6      | Found a glowing golden altar of the Shining One.
  5182 | D:6      | Reached skill level 5 in Stealth
  5360 | D:6      | Noticed Sigmund
  5366 | D:6      | Killed Sigmund
  5534 | D:7      | bubbling orange potion - lignification
  5596 | D:7      | Reached skill level 5 in Dodging
  5846 | D:7      | Found a flagged portal.
  5861 | D:7      | Bailey entrance is in the east.
  5862 | Bailey   | Entered a bailey
  5869 | Bailey   | Noticed an orc knight
  5875 | Bailey   | Noticed an orc knight
  5880 | Bailey   | Identified the +9 shortbow of the Spider Nest {vorpal,
                  | rPois Int+3}
  6009 | Bailey   | OGIURU SOEXOY - enchant armour
  6518 | Bailey   | Killed an orc knight
  6519 | Bailey   | Reached XP level 10. HP: 10/63 MP: 1/21
  6520 | Bailey   | Took massive damage from an orc knight due to attack delay
                  | on ZERO SKILL long sword.
  6733 | Bailey   | Killed an orc knight
  6735 | Bailey   | Now that was much smoother!
  6960 | Bailey   | Nothing really remarkable from here. Disappointing.
  7001 | D:7      | AWOPIED RURIM - fear
  7119 | D:7      | Reached *** piety under Dithmenos
  7671 | D:8      | sedimented emerald potion - might
  7684 | D:8      | Noticed a cyan ugly thing
  7943 | D:8      | If you see killer bees on this floor, expect to be alarm
                  | trapped!
  8059 | D:8      | INAOKL KIAFOA - immolation
  8086 | D:8      | Noticed a two-headed ogre
  8167 | D:8      | Found Vophaol's Weapon Shop.
  8276 | D:8      | staff of fire in the nroth
  8556 | D:8      | Killed a two-headed ogre
  9001 | D:9      | Reached skill level 1 in Armour
  9248 | D:9      | Found a staircase to the Lair.
  9272 | D:9      | Reached XP level 11. HP: 69/69 MP: 12/24
  9349 | D:9      | Lots of orcs and a few wargs outside of the western Lair
                  | entrance
  9641 | D:9      | Noticed Maurice
  9654 | D:9      | Killed from afar by Maurice

Illustrated notes #.....(.......# #.###########.# #.#.........#.# #.#.#######.#.# #.#.#.....#.#.# #...#..<..#...# #.#.#.....#.#.# #.#.###.###.#.# #@#.........#.# #.###########.# #.............# #######+####### Turn 60 on D:1: rPois ring to the left of start #.#.#.....#.#.# #.#.###.###.#.# ≈ #.#.........#.# PP #.###########.# #. #.............# #. #.#######'####### #. #................ #.######.########.## #..@..#...†..# #####.....#### ##.#...... #.##.#### ..##... ######### Turn 110 on D:1: +2 elec dagger southwest of start ####### #####....... #######.........# ..........@.# ######.##### ######.### #.# [.........# #.# #######.#.# #. #.# #.#.# #.# #.# #.#.# #.# #.# #. #.#.###.# #.# ... .########....##.###.# Turn 583 on D:1: Kobold had a +1 whip of electrocution in northeast .#. .. ## ...... .## #......#. ... #......(. ... #...#.#.. ..# #...#.##<## #.. #...#.###.###.# #.....#......# #........@...# #?##<...##.##..## #...).....##.<....# #.###.########.....# #. #.# ####..# # #.###### .... #......# ... #.####.# .. #.# Turn 963 on D:2: +4 AC ring ##.##########..# #..............# #..###########.# #..# #.# #..# #.# #..###########.# #...........##.# ##.########.##.# #.@......#(##.# ########.#.##.# #.##.# #.##.### #..#...# ##.###.### #.#......... #.)......### #.......## Turn 1996 on D:3: +1 long sword of electrocution ##.###.# #.# .# #.# # #.# #.# #.# #.# #.# #@# #.# #.. #### Turn 2024 on D:3: Book of Cantrips ... ..○...# >.. #..☼..# #.# #...○.# #.# #°....###### #.# #.........# #.##########....#....# ...............#.#...# #############.#...#..# ##..@..## #.#...#.# #..#.#..# #...#...# ######### Turn 2088 on D:3: pretty decent helmet for 352 gold here #.##...<).######### #.##.#............# #.##.###.#.######.## #.....#.###........ ##.......#>######.###### # #....###.#.....#)##...# # #.#.## #.#.###.#)##...# # #.#.# #.#.# #.#.##...# ##.#.# #@#.# #.#.###..# ##....####.#.####).###.)# #.......##.#.##..##.....### ##...##.##.#.#_[..###...... ##........#.#....###...### #.###.#####._.⌠...##.## #.# #.# ##....#....# #.# #.######_...###### #.# #......##..## Turn 2738 on D:3: +1 pair of gloves in northwest ....#....#####....###### ....#....# #....# #####....# #....# #....# #....# ##...# #....# #...# ##....## #.... #......# #......# #...@..# #......# #......# ####.### #.# #.# #.# ... Turn 3096 on D:5: YMAOTU YNLY - teleportation .........## ##.... ....^.......## #..... ............. #..... ............# #..... ............#######>.... ........>...##.......... !...........##.###...... ............##.#...#'### .......@.)..##.#.###[# .#..........##.#.# #.# #..........##.#.###.# #..........)..#.....# #.........########### ########### Turn 3167 on D:5: QOVUNT VUXYOX - amnesia

#........._.......#≈#.....#
#.............#####.......#
#..._.......#≈#......._...#
#.......#####......≈......#
#.....###......._.........#
#######......≈......#######
#........._.......###.....#
#......≈......#####.......#
#..._.......#@#......._...#
#.......#####......≈......#
#.....#≈#......._.........#
#######......≈......#######
#........._.......#≈#.....#
#......≈......#####.......#
#..._.......#≈#......._...#
#.......#####.............#
#.....###......._.........#


Turn 3346 on Temple: Temple: Inclined layers; deeper water taking up northern
and southern corners ...................## ..............^.......##
........................ ......................# ......................##
..................>...## ...........†..........## .......⌠..............##
.......@...........)..## #####⌠.>.⌠.#..........## #......#..........##
#..⌠..##..........). #.....##.........### ################## Turn 3367 on D:5:
Temple entrance: 4 fountains .........# #...# ##....## .........# #....#
#......# .....†...# #....# #......# .........# #....###......# .........#
#...!.##......# .........# #.....##......# .........# #.....#####.### .........#
#.....# #.# .........# #.@...# #.# .........# #.....## #.# ## .........#
#......# ... #### .........# #....#.# ... #$$# .........######....# # ... #$$$
...................# ##... #$$# #####..............# ####
#..............##..##.#<# ## #.......................## Turn 3508 on D:5:
Inescapable Atlas: Blink, Manifold Assault, and Storm Form ........#
###........# ........####..........# #########<)....##.....# #..##.#.# ######
###.......# #...####### #.#.# ...#####.# #.....@.# ####..........#
.....#####.(... #..... #### ...## .. # Turn 4025 on D:4: Necrophage spawns on
this floor. #.........####..# #.#.#...#...... #.........####. #.#.#.#[#.#
#.........# #######.### #.# #.# #@# #.# #.$ #.## #.# #.. ### Turn 4691 on D:6:
fuming black potion - mutation #.........####..# #.#.#...#...... #.........####.
#.#.#.#[#.# #.........# #######.### #.# #.# #@# #.# #.$ #.## #.# #.. ### Turn
4692 on D:6: orange potion - resistance #.........####..# #.#.#...#......
#.........####. #.#.#.#[#.# #.........# #######.### #.# #.# #@# #.# #.$ #.## #.#
#.. ### Turn 4693 on D:6: sapphire potion - attraction .# ##.# ...##
#######.#..# #......[...# ###########.#.#.#.#..# ##....................#
##.########..#.#@#.#..# .#.# #...........# ...# #..#.#.#.#..# .### #...........#
## ##.#.#.#.#..# #..........# ###........# ########## Turn 4745 on D:6: 4x4
translucent rock wall grid vault ... ####. . .. .... . ..##...... .. ......#..
... #....#.. .... #......# c.... #.....#...... #....@....... ......#...##...
#.... ##..... #### ...#.# ...# # #.## ## Turn 5534 on D:7: bubbling orange
potion - lignification ..... ##.### 8.8.8 ###.### # ...... #.....######.#
8.#...##............# .......#.≈≈≈)≈≈≈≈≈..# ........)≈≈≈≈)≈≈≈≈.##
......#.))##'''##≈.# ....# #..≈#.....# .# ... ##.≈#@...># . ..≈####### ...≈≈
....... ...##.... J.#. #...>..#.. ..#.# ##...>. ....###....... .##.#.........
Turn 5861 on D:7: Bailey entrance is in the east.
####≈≈≈≈≈≈####.oooggK####K)≈≈≈≈≈≈ #≈≈≈≈≈≈≈.(#..####'####g.#..(..≈≈≈
≈≈≈≈≈≈≈.###...g .g. ....#'#...... ≈≈≈≈≈≈..# +..####'####..#.#.....# ####....#
#..# ... #..###...... ##...# #..# #..# ..⌠... ##..###### ##'# ...
#.......#########... ##.........@........ ###########.####### ##....##.....#
#∩.#..).....## ############# Turn 6009 on Bailey: OGIURU SOEXOY - enchant armour
##.......## ##.....## ###...## ##...#### ##.....#### ##.......###
##..∩......#### ##.....).......#### ###≈≈≈≈≈≈@≈.........###
###≈≈≈≈≈≈≈≈≈≈≈≈≈).......## ###≈≈≈≈#########≈≈≈≈≈).....##
####≈≈≈≈≈∩#...[go.#∩≈≈≈≈≈≈(....## #≈≈≈≈≈≈####.......####o(≈)≈≈≈≈≈≈≈
≈≈≈≈≈.(#..####'####..#..(..≈≈≈≈≈≈ ≈≈≈≈.###...^.........#'#......### ≈≈≈..#
+..####'####.)#.#.....### #....# #..# ... #..###.......## Turn 6520 on Bailey:
Took massive damage from an orc knight due to attack delay on ZERO SKILL long
sword. ##.......## ##.....## ###...## ##...#### ##.....#### ##.......###
##..∩......#### ##.....).......#### ###≈≈≈≈≈≈@≈.........###
###≈≈≈≈≈≈≈≈≈≈≈≈≈).......## ###≈≈≈≈#########≈≈≈≈≈).....##
####≈≈≈≈≈∩#..g[.o.#∩≈≈≈≈≈≈(....## #≈≈≈≈≈≈####.......####)(≈)≈≈≈≈≈≈≈
≈≈≈≈≈.(#..####'####..#..(..≈≈≈≈≈≈ ≈≈≈≈.###...^.........#'#......### ≈≈≈..#
+..####'####.)#.#.....### #....# #..# ... #..###.......## Turn 6735 on Bailey:
Now that was much smoother! ##..∩......#### ##.....).......##
###≈≈≈≈≈≈≈≈........ ###≈≈≈≈≈≈≈≈≈≈≈≈≈).... ###≈≈≈≈#########≈≈≈≈≈).
####≈≈≈≈≈∩#...)...#∩≈≈≈≈≈≈ ####≈≈≈≈≈≈####....)..####)(≈)
##≈≈≈≈≈≈≈.(#..####'####..#..(. ##≈≈≈≈≈≈≈.###.@...........#'#..
#≈≈≈≈≈≈≈..#.'..####'####.)#.#.. ######....#'#..#.......#..###..
##...#.#..#.......#..#.... ##..######.......##)#.... #.......#########.......
##.........)............ ###########.########### ##....##.....# Turn 6960 on
Bailey: Nothing really remarkable from here. Disappointing.
8.#...##............# .......#.≈≈≈)≈≈≈≈≈..# ........)≈≈≈≈(≈≈≈≈.##
......#.[[##'''##≈.# ....# #..≈#.....#≈.# ... ##.≈#∩...>#≈.# . ..≈#######≈.#
...≈≈≈≈≈≈≈≈≈.# .........@....# ...##........### . #...>..#...#### .#
##...>.....# .###........... .#............. .#............ ..............
...>....... Turn 7001 on D:7: AWOPIED RURIM - fear #....# #....# ... #....#
....# #....####....# #............# #............# #............# #...@........
#........### #...(....# ######....##'## #.........#..# #.........#..##..#
#.........'......# #####.........#......# #...#.........#..##..# Turn 7671 on
D:8: sedimented emerald potion - might ### #...................# ..#
#...................# ..# #.................... ######....................
...................######. ...................# ......####.........#
......'..'.........# ......#..#......@<.# '######..#.........#
.........#.........# .........#.........# ##########.........# ########### Turn
7943 on D:8: If you see killer bees on this floor, expect to be alarm trapped!
....#####....#....#...... ........# ...'....#..... ........####.#....#....
..................#... ..................##.# ..............##'###)##+####
..>...........#............. ........#######...†.........
........#.....#.@........... ........#....##..###..####..
........#....##..###..# . ....>...#....##.............
........#....#.............. ........#....###+####+###... ........#....## ..
........'.....# . ........#....## Turn 8059 on D:8: INAOKL KIAFOA - immolation
#....# ###### #....# #...#. #....# #...#. #....# #...## #..#.######..##
#####.........#)(## #....#........#..'. +....####.....'..#) #.@.....##...##..##
#.......#.....#..## #........†......... ...........∩....... ......[...).......##
..........#.....#..## [...# ...........##...##.... #....#
#....########.....#.... #....# #.... #.....#.... Turn 8276 on D:8: staff of fire
in the nroth #. #.# #.###### #.. #.#.... ..# ###.....####.+ ##.........##.#
.##...........#.# .....P......)...#####.# .......@>.....).......#
.................####### ..#..P........#.)#...... ##.........##..#.#####
###.....####.)#...... .....### ##)#.####. ......# #....# #. ......# #....# #.
#...#####. Turn 9349 on D:9: Lots of orcs and a few wargs outside of the western
Lair entrance

Levels and vault maps discovered:
D:1:      matt_arrival_refuge, layout_loops_ring,
          chequers_ecumenical_altar_simple_redux, serial_bayou_lagoon_a
D:2:      layout_loops_ring, chequers_serial_rivers_micro_c, minmay_tetromino_t4
D:3:      layout_loops_ring, gammafunk_temple_overflow_forgotten,
          fiery_altar_vehumet, mainiacjoe_overflow_brackets, serial_shops,
          nicolae_diamond_shop, uniq_robin, uniq_jessica, uniq_grinder
D:4:      layout_rooms
D:5:      layout_basic, zin_treasury, temple_fountains, serial_shops,
          nicolae_shop_window_shopping
D:6:      layout_loops_ring, tso_oasis_becter, serial_glass, glass_columns_c,
          glass_columns_a, uniq_sigmund
D:7:      layout_cave_pools, enter_bailey_4, serial_column_ruins,
          column_ruins_hut, column_ruins_columns_T, column_ruins_open_tiny,
          column_ruins_open_small, column_ruins_open_large,
          column_ruins_corridor_T, minmay_misc_feat_x
D:8:      layout_gridville, serial_shops, nicolae_shop_bloodbath_and_beyond
D:9:      lemuel_ice_spiral_2, layout_basic, erik_lair_orcish_takeover,
          minmay_misc_feat_pillars, minivault_25_ag, uniq_maurice
Temple:   regret_index_temple_waves

Skill      XL: |  1  2  3  4  5  6  7  8  9 10 11 |
---------------+----------------------------------+-----
Air Magic      | 5 6 7 |  7.0
Fighting       | 1 2 3 4 5 7 8 |  8.8
Spellcasting   | 3 4 5 7 8 |  8.1
Dodging        | 3 4 6 8 |  8.8
Stealth        | 4 6 |  6.0
Translocations | 1 2 |  2.0
Conjurations   | 2 3 |  3.5
Armour         | 1 2 |  2.4

Action                   |  1- 3 |  4- 6 |  7- 9 | 10-12 || total
-------------------------+-------+-------+-------+-------++-------
Melee: Dagger            |    60 |    35 |       |       ||    95
       Peck              |    11 |     8 |    28 |     7 ||    54
       Unarmed           |     1 |       |       |       ||     1
       Kick              |    10 |    14 |    47 |    19 ||    90
       Punch             |       |     2 |     6 |       ||     8
       Long sword        |       |    25 |   169 |    59 ||   253
Throw: Dart              |       |       |     1 |     2 ||     3
 Cast: Shock             |    26 |    45 |    99 |    48 ||   218
       Static Discharge  |     3 |    10 |    27 |    40 ||    80
       Swiftness         |       |     1 |       |       ||     1
       Airstrike         |       |     3 |    28 |    37 ||    68
       Blink             |       |       |     1 |     7 ||     8
       Apportation       |       |       |     1 |       ||     1
Evoke: Wand              |       |       |     2 |       ||     2
  Use: Scroll            |       |       |     7 |     3 ||    10
       Potion            |       |       |     1 |     4 ||     5
 Stab: Sleeping          |     3 |     2 |     2 |     1 ||     8
Armor: Robe              |    10 |    12 |    69 |    34 ||   125
Dodge: Dodged            |    28 |    35 |   272 |   180 ||   515
